 Dungeon Crawl Stone Soup version 0.30-a0-743-gbfdf073431 (webtiles) character file.

Game seed: 139881915239648873

1201 MachoJfn the Reanimator (level 8, -1/54 HPs)
             Began as a Demonspawn Necromancer on Feb 7, 2023.
             Was a Priest of Dithmenos.
             Slain by Pikel
             ... wielding a +1 whip of freezing
              (2 damage)
             ... on level 5 of the Dungeon.
             The game lasted 00:21:33 (4632 turns).

MachoJfn the Reanimator (Demonspawn Necromancer)    Turns: 4632, Time: 00:21:33

Health: -1/54      AC:  7    Str:  8    XL:     8   Next: 21%
Magic:  13/16      EV: 16    Int: 19    God:    Dithmenos [***...]
Gold:   369        SH:  0    Dex: 14    Spells: 13/18 levels left

rFire   . . .      SeeInvis +    m - +2 hand axe (elec)
rCold   . . .      Faith    .    x - orb {mayhem}
rNeg    . . .      Spirit   .    C - +0 leather armour
rPois   .          Reflect  .    (helmet restricted)
rElec   .          Harm     .    B - +0 cloak
rCorr   .          Rampage  .    d - +0 pair of gloves
Will    .....                    (no boots)
Stlth   +++                      (no amulet)
HPRegen 0.29/turn                h - +5 ring of evasion
MPRegen 0.15/turn                p - ring of see invisible

@: wreathed by umbra
A: horns 2, icy blue scales 1, powered by death 1
a: Renounce Religion, Shadow Step


You were on level 5 of the Dungeon.
You worshipped Dithmenos.
Dithmenos was most pleased with you.
You visited 1 branch of the dungeon, and saw 8 of its levels.

You collected 369 gold pieces.

Inventory:

Hand Weapons
 m - a +2 hand axe of electrocution (weapon)
 q - a +2 whip of electrocution
 H - a +4 quarterstaff of chaos
Armour
 d - a +0 pair of gloves (worn)
 x - an orb of mayhem (worn)
 B - a +0 cloak (worn)
 C - a +0 leather armour (worn)
Jewellery
 h - a +5 ring of evasion (left hand)
 p - a ring of see invisible (right hand)
Wands
 D - a wand of iceblast (15)
Scrolls
 j - a scroll of noise
 l - a scroll of silence {unknown}
 o - a scroll of blinking {unknown}
 s - 2 scrolls of fog
 t - a scroll of magic mapping
 y - a scroll of immolation {unknown}
 z - a scroll of enchant armour {unknown}
 F - a scroll of teleportation {unknown}
Potions
 b - 2 potions of magic
 c - a potion of brilliance
 f - a potion of might {unknown}
 g - 3 potions of haste
 i - a potion of cancellation {unknown}
 k - a potion of ambrosia {unknown}
 n - 2 potions of heal wounds
 u - 2 potions of curing
 v - a potion of attraction {unknown}
 w - 2 potions of invisibility {unknown}
 A - a potion of flight {unknown}
 G - a potion of mutation {unknown}


   Skills:
 + Level 1.3 Fighting
 + Level 2.3 Axes
 + Level 0.8 Armour
 + Level 2.2 Dodging
 + Level 3.0 Stealth
 + Level 5.8 Spellcasting
 + Level 8.1 Necromancy


You had 13 spell levels left.
You knew the following spells:

 Your Spells              Type           Power      Damage    Failure   Level
a - Necrotise             Necr           100%       1d9       1%          1
b - Animate Dead          Necr           36%        N/A       5%          4

Your spell library contained the following spells:

 Spells                   Type           Power      Damage    Failure   Level
 Vampiric Draining        Necr           36%        2d8       1%          3
 Freeze                   Ice            20%        1d4       16%         1
 Sandblast                Erth           10%        2d5       16%         1
 Agony                    Necr           36%        N/A       16%         5
 Passwall                 Tmut/Erth      4%         N/A       24%         2
 Frozen Ramparts          Ice            10%        1d2       43%         3
 Hailstorm                Conj/Ice       5%         3d4       43%         3
 Inner Flame              Hex/Fire       5%         N/A       43%         3
 Stone Arrow              Conj/Erth      10%        3d7       43%         3
 Flame Wave               Conj/Fire      5%         2d5       85%         4
 Sticky Flame             Conj/Fire      5%         2d3       85%         4


Dungeon Overview and Level Annotations

Branches:
Dungeon (8/15)             Temple (0/1) D:4
   Lair: D:8-11

Altars:
Dithmenos
Wu Jian

Shops:
D:1 ?   D:5 *

Annotations:
D:5 Pikel
D:7 3 runed translucent doors


Innate Abilities, Weirdness & Mutations

You have a pair of horns on your head.
You are partially covered in icy blue scales. (AC +2)
You regenerate a little health from kills.


Message History

You barely miss the lemure.
The lemure is heavily wounded.
Casting: Necrotise (safe; 1% risk of failure)
Confirm with . or Enter, or press ? or * to list all spells.
Aiming: Necrotise (safe; 1% risk of failure)
Press: ? - help, Shift-Dir - straight line Pikel writhes in agony!
You closely miss Pikel. You headbutt Pikel, but do no damage.
Pikel is moderately wounded.
Pikel hits you with a +1 whip of freezing.
Pikel freezes you.
Pikel zaps a wand.
The bolt of light hits you!!
You hit Pikel.
Pikel is moderately wounded.
Pikel misses you.
You hit Pikel.
Pikel is moderately wounded.
Pikel hits you with a +1 whip of freezing.
Pikel freezes you.
You hit Pikel but do no damage. Your headbutt misses Pikel.
Pikel is moderately wounded.
Pikel misses you.
You hit Pikel. Your headbutt misses Pikel.
Pikel is moderately wounded.
Pikel hits you with a +1 whip of freezing!
* * * LOW HITPOINT WARNING * * *
Pikel freezes you.
* * * LOW HITPOINT WARNING * * *
You hit Pikel.
Pikel is heavily wounded.
Pikel barely misses you.
You hit Pikel.
Pikel is heavily wounded.
Pikel hits you with a +1 whip of freezing.
* * * LOW HITPOINT WARNING * * *
Pikel freezes you.
* * * LOW HITPOINT WARNING * * *
Pikel hits you with a +1 whip of freezing.
* * * LOW HITPOINT WARNING * * *
Pikel freezes you.
You die...

#....#.#######.#.#
.##..#.........#.#
.##..#.#########.#
###..#...........#
#..........####.∩#
.##..............#
.###.#.###.#..##.####
.# #.#.# #..........#
.# #.#.# ###..##@##.#
. ..# #..##K# # ##
#..##5# ...##5#
#.###5# #.# #.# #.#


You could see Pikel and 3 lemures.

Vanquished Creatures
  An ice beast (D:5)
  A black bear (D:3)
  3 scorpions
  2 necrophages (D:5)
  A howler monkey (D:5)
  2 hounds
  A jelly (D:6)
  Crazy Yiuf (D:5)
  A gnoll bouda (D:4)
  2 orc priests
  An orc wizard (D:4)
  Natasha (thrice) (D:4)
  An iguana (D:6)
  7 gnolls
  4 adders
  3 worms
  2 dart slugs
  14 orcs
  4 bats
  4 endoplasms
  3 giant cockroaches
  6 goblins
  4 hobgoblins
  3 jackals (D:1)
  7 kobolds
  2 quokkas
  9 ball pythons
  2 frilled lizards
  4 rats
98 creatures vanquished.

Vanquished Creatures (collateral kills)
  A water moccasin (D:5)
  2 gnolls
  A shadow imp (D:6)
  A dart slug (D:1)
  An orc (D:6)
  A kobold (D:1)
7 creatures vanquished.

Grand Total: 105 creatures vanquished

Notes
Turn   | Place    | Note
-------+----------+-------------------------------------------
     0 | D:1      | MachoJfn the Demonspawn Necromancer began the quest for the
                  | Orb.
     0 | D:1      | Reached XP level 1. HP: 13/13 MP: 3/3
   195 | D:1      | Found a faded altar of an unknown god.
   203 | D:1      | Prayed at the altar of an unknown god.
   203 | D:1      | Became a worshipper of Dithmenos the Shadowed
   203 | D:1      | Reached * piety under Dithmenos
   230 | D:1      | Gained mutation: You have a pair of small horns on your
                  | head. [demonic ancestry]
   230 | D:1      | Reached XP level 2. HP: 5/19 MP: 0/5
   541 | D:1      | Found Ekeplu's Magic Scroll Shoppe.
  1232 | D:2      | Identified the +0 ring mail of Mutualism {Int-5 Dex+4}
  1315 | D:2      | Reached skill level 5 in Necromancy
  1315 | D:2      | Reached XP level 3. HP: 24/24 MP: 2/6
  1414 | D:2      | Reached ** piety under Dithmenos
  1918 | D:3      | Noticed a black bear
  1929 | D:3      | Killed a black bear
  1930 | D:3      | Reached XP level 4. HP: 18/30 MP: 2/9
  1930 | D:3      | Gained mutation: You regenerate a little health from kills.
                  | [demonic ancestry]
  1930 | D:3      | Reached XP level 5. HP: 21/35 MP: 2/10
  2601 | D:3      | Learned a level 4 spell: Animate Dead
  2629 | D:4      | Found an ornate altar of the Wu Jian Council.
  2705 | D:4      | Found a staircase to the Ecumenical Temple.
  2864 | D:4      | Reached skill level 1 in Axes
  2864 | D:4      | Reached skill level 6 in Necromancy
  2957 | D:4      | Gained mutation: You have a pair of horns on your head.
                  | [demonic ancestry]
  2957 | D:4      | Reached XP level 6. HP: 41/41 MP: 4/12
  3154 | D:4      | Noticed Natasha
  3162 | D:4      | Killed Natasha
  3203 | D:4      | Reached *** piety under Dithmenos
  3206 | D:4      | Noticed Natasha
  3211 | D:4      | Killed Natasha
  3454 | D:4      | Noticed Natasha
  3459 | D:4      | Killed Natasha
  3739 | D:5      | Entered Level 5 of the Dungeon
  3760 | D:5      | Gained mutation: You are partially covered in icy blue
                  | scales. (AC +2) [demonic ancestry]
  3760 | D:5      | Reached XP level 7. HP: 47/47 MP: 9/13
  3780 | D:5      | Reached skill level 7 in Necromancy
  3918 | D:5      | You fall into a shaft and drop 3 floors!
  3933 | D:7      | Found a runed translucent gate.
  3933 | D:7      | Found a runed translucent gate.
  3934 | D:7      | Found a runed translucent gate.
  3972 | D:7      | Reached skill level 5 in Spellcasting
  4117 | D:6      | Reached skill level 1 in Fighting
  4334 | D:5      | Reached XP level 8. HP: 54/54 MP: 10/16
  4411 | D:5      | Found a runed translucent door.
  4412 | D:5      | Noticed Crazy Yiuf
  4419 | D:5      | Killed Crazy Yiuf
  4420 | D:5      | Reached skill level 8 in Necromancy
  4604 | D:5      | Found Geveotu's Mass Market.
  4618 | D:5      | Noticed Pikel
  4632 | D:5      | HP: 1/54 [Pikel/+1 whip of freezing (3)]
  4632 | D:5      | Slain by Pikel

Illustrated notes

Levels and vault maps discovered:
D:1:      giann_wishing_wells, layout_basic, hellmonk_ecumenical_altar_lost_god,
          serial_shops, shop_scrolls, kennysheep_boxes
D:2:      layout_rooms, kennysheep_generic_room_3
D:3:      layout_basic, minmay_misc_feat_plants, kennysheep_generic_room_2
D:4:      layout_loops_ring, mainiacjoe_overflow_cross_hatched, temple_green,
          minmay_misc_feat_diagonals, uniq_natasha
D:5:      layout_loops_ring, st_stairs_6, minmay_shop_mass, corner_web_ring,
          chequers_serial_rivers_micro_e, sigmund_edmund_badplayer, uniq_pikel,
          uniq_crazy_yiuf_cottage
D:6:      layout_gridville, mainiacjoe_overflow_small_starburst,
          general_overflow_altar
D:7:      layout_loops_ring, grunt_qazlal_sundering, elyvilon_altar_3,
          gammafunk_ghost_icy, serial_shops, nicolae_shop_waterfront,
          nicolae_shop_vocational, uniq_duvessa
D:8:      layout_basic, kennysheep_generic_room_7

Skill      XL: |  1  2  3  4  5  6  7  8 |
---------------+-------------------------+-----
Stealth        | 2 3 |  3.0
Necromancy     | 5 6 7 8 |  8.1
Dodging        | 2 |  2.2
Spellcasting   | 3 4 5 |  5.8
Axes           | 1 2 |  2.3
Fighting       | 1 |  1.3
Armour         | |  0.8

Action                     |  1- 3 |  4- 6 |  7- 9 || total
---------------------------+-------+-------+-------++-------
  Melee: Unarmed           |     7 |       |       ||     7
         Short sword       |     9 |       |       ||     9
         Hand axe          |    23 |    35 |    51 ||   109
         Headbutt          |     4 |     7 |     8 ||    19
  Throw: Throwing net      |       |       |     1 ||     1
   Cast: Necrotise         |    61 |    71 |    69 ||   201
    Use: Scroll            |     3 |     3 |       ||     6
         Potion            |       |     2 |       ||     2
   Stab: Distracted        |       |     1 |       ||     1
 Armour: Robe              |     6 |       |       ||     6
         Leather armour    |       |     1 |     7 ||     8
  Dodge: Dodged            |    73 |    38 |    52 ||   163

Table legend: (Time is in decaauts)
 A = Elapsed time spent in this place.
 B = Non-inter-level travel time spent in this place.
 C = Inter-level travel time spent in this place.
 D = Time resting spent in this place.
 E = Time spent auto-exploring this place.
 F = Levels seen in this place.
 G = Mean time per level.
                   A        B        C        D        E       F      G
               +--------+--------+--------+--------+--------+-----+--------+
         Total |   4655 |   3878 |    777 |    217 |   2916 |   8 |  581.9 |
       Dungeon |   4655 |   3878 |    777 |    217 |   2916 |   8 |  581.9 |
               +--------+--------+--------+--------+--------+-----+--------+

Top non-repeatable levels by time:
     D:1: 1165 daAuts
     D:4: 1126 daAuts
     D:2: 754 daAuts
     D:3: 706 daAuts
     D:5: 554 daAuts
     D:6: 273 daAuts
     D:7: 59 daAuts
     D:8: 14 daAuts
